 Dungeon Crawl Stone Soup version 0.19-a0-628-g9200b3b (webtiles) character file.

25080 Geppetto the Frost Mage (level 12, -4/79 HPs)
             Began as a High Elf Ice Elementalist on June 12, 2016.
             Was the Champion of Sif Muna.
             Slain by a freezing wraith (7 damage)
             ... in an ice cave on June 13, 2016.
             The game lasted 02:01:43 (25228 turns).

Geppetto the Frost Mage (HEIE)                     Turns: 25228, Time: 02:01:46

Health: -4/79      AC: 23    Str:  7    XL:     12   Next: 86%
Magic:  4/25       EV: 12    Int: 25    God:    Sif Muna [******]
Gold:   815        SH:  4    Dex: 16    Spells: 8 memorised, 0 levels left

rFire  x . .     SeeInvis .     G - +2 flail (protect)
rCold  + . .     Gourm    .     E - +1 leather armour of Siprux {rN++} (curse)
rNeg   + + .     Faith    .     (no shield)
rPois  +         Spirit   .     (no helmet)
rElec  .         Dismiss  .     m - +1 cloak
rCorr  .         Reflect  +     (no gloves)
SustAt .         Harm     .     I - +0 pair of boots
MR     +....                    S - +4 amulet of reflection
Stlth  ++........               s - ring of ice
                                u - ring of poison resistance

@: icy armour, slowed, very slow, somewhat resistant to hostile enchantments,
unstealthy
A: no striking features
a: Channel Energy, Forget Spell, Renounce Religion


You were in an ice cave.
You worshipped Sif Muna.
Sif Muna was exalted by your worship.
You were not hungry.

You visited 2 branches of the dungeon, and saw 15 of its levels.
You also visited: Ice Cave.

You collected 853 gold pieces.
You spent 38 gold pieces at shops.

Inventory:

Hand Weapons
 G - a +2 flail of protection (weapon)
Armour
 m - a +1 cloak (worn)
 n - a +0 helmet
 E - the cursed +1 leather armour of Siprux (worn) {rN++}
   (You found it on level 6 of the Dungeon)

   It greatly protects you from negative energy.
   It has a curse placed upon it.
 I - a +0 pair of boots (worn)
Jewellery
 s - a ring of ice (right hand)
 u - a ring of poison resistance (left hand)
 y - an uncursed ring of protection from fire
 S - a +4 amulet of reflection (around neck)
Wands
 a - a wand of random effects (23/48)
 f - a wand of acid (7/15)
 r - a wand of confusion (20/48)
 t - a wand of acid (4/15)
 v - a wand of flame (1/48)
 J - a wand of digging (7/24)
 N - a wand of random effects (24/48)
 P - a wand of digging (15/24)
Scrolls
 e - 11 scrolls of remove curse
 h - 2 scrolls of fear
 o - 3 scrolls of magic mapping
 z - a scroll of silence
 H - 2 scrolls of enchant weapon
 U - 3 scrolls of teleportation
Potions
 d - a potion of invisibility
 i - 2 potions of flight
 j - 6 potions of curing
 w - 2 potions of agility
 B - 2 potions of ambrosia
 C - 4 potions of cancellation
 F - a potion of brilliance
 V - 3 potions of might
Books
 b - a book of Frost

   Spells                             Type                      Level
   a - Freeze                         Ice                          1
   b - Throw Frost                    Conjuration/Ice              2
   c - Ozocubu's Armour               Charms/Ice                   3
   d - Throw Icicle                   Conjuration/Ice              4
   e - Summon Ice Beast               Ice/Summoning                4
 k - a book of Unlife

   Spells                             Type                      Level
   a - Recall                         Summoning/Translocation      3
   b - Animate Dead                   Necromancy                   4
   c - Control Undead                 Necromancy                   4
   d - Cigotuvi's Embrace             Necromancy                   5
   e - Death Channel                  Necromancy                   6
   f - Simulacrum                     Ice/Necromancy               6
 l - a book of Debilitation

   Spells                             Type                      Level
   a - Corona                         Hexes                        1
   b - Slow                           Hexes                        2
   c - Gell's Gravitas                Hexes/Translocation          3
   d - Inner Flame                    Hexes/Fire                   3
   e - Cause Fear                     Hexes                        4
   f - Leda's Liquefaction            Hexes/Earth                  4
 p - Sif Muna's Guide on Excruciating Snow
   (Sif Muna gifted it to you on level 2 of the Lair of Beasts)

   Spells                             Type                      Level
   a - Magic Dart                     Conjuration                  1
   b - Iskenderun's Mystic Blast      Conjuration                  4
   c - Bolt of Cold                   Conjuration/Ice              6
 K - a Necronomicon

   Spells                             Type                      Level
   a - Haunt                          Necromancy/Summoning         7
   b - Borgnjor's Revivification      Necromancy                   8
   c - Death's Door                   Charms/Necromancy            8
   d - Necromutation                  Transmutation/Necromancy     8
 M - Sif Muna's Compendium of Confrontation
   (Sif Muna gifted it to you on level 9 of the Dungeon)

   Spells                             Type                      Level
   a - Throw Flame                    Conjuration/Fire             2
   b - Stone Arrow                    Conjuration/Earth            3
   c - Sticky Flame                   Conjuration/Fire             4
   d - Irradiate                      Conjuration/Transmutation    5
 O - a book of Burglary

   Spells                             Type                      Level
   a - Swiftness                      Charms/Air                   2
   b - Passwall                       Transmutation/Earth          2
   c - Passage of Golubria            Translocation                4
   d - Lee's Rapid Deconstruction     Earth                        5
   e - Darkness                       Hexes                        6
   f - Invisibility                   Hexes                        6
 Q - Rashreeth's Incunabulum of the Oath and Black Secrets
   (Sif Muna gifted it to you on level 1 of the Lair of Beasts)

   Spells                             Type                      Level
   a - Ensorcelled Hibernation        Hexes/Ice                    2
   b - Corpse Rot                     Necromancy                   2
   c - Dazzling Spray                 Conjuration/Hexes            3
   d - Tukima's Dance                 Hexes                        3
   e - Yara's Violent Unravelling     Hexes/Transmutation          5
   f - Simulacrum                     Ice/Necromancy               6
 R - a book of Necromancy

   Spells                             Type                      Level
   a - Pain                           Necromancy                   1
   b - Animate Skeleton               Necromancy                   1
   c - Vampiric Draining              Necromancy                   3
   d - Regeneration                   Charms/Necromancy            3
   e - Animate Dead                   Necromancy                   4
   f - Control Undead                 Necromancy                   4
Comestibles
 c - 9 bread rations
 g - 7 beef jerkies
 q - 6 meat rations
 A - 6 royal jellies
 L - 34 fruits


   Skills:
 - Level 6.0 Fighting
 - Level 4.0 Armour
 - Level 2.1 Dodging
 - Level 2.1 Stealth
 - Level 8.7 Spellcasting
 - Level 10.1 Conjurations
 - Level 4.6 Charms
 - Level 5.2 Summonings
 * Level 7.8 Necromancy
 + Level 11.6 Ice Magic
 + Level 4.5 Invocations


You couldn't memorise any spells.
You knew the following spells:

 Your Spells              Type           Power        Failure   Level  Hunger
a - Freeze                Ice            ####         1%          1    None
b - Stone Arrow           Conj/Erth      #####.       3%          3    None
c - Ozocubu's Armour      Chrm/Ice       ######..     1%          3    None
d - Throw Icicle          Conj/Ice       #######.     1%          4    ##.....
e - Summon Ice Beast      Ice/Summ       ######..     2%          4    ##.....
f - Regeneration          Chrm/Necr      #####.....   1%          3    None
g - Iskenderun's Mystic   Conj           ######..     1%          4    ##.....
h - Simulacrum            Ice/Necr       ######....   28%         6    ######.


Dungeon Overview and Level Annotations

Branches:
Dungeon (10/15)            Temple (0/1) D:4            Lair (5/6) D:8
  Swamp (0/4) Lair:2        Snake (0/4) Lair:2        Slime (0/5) Lair:5
    Orc (0/2) D:10

Altars:
Cheibriados
Elyvilon
Fedhas
Gozag
Kikubaaqudgha
Makhleb
Nemelex Xobeh
Okawaru
Ru
Sif Muna
Trog
Uskayaw
Vehumet
Xom
Yredelemnul
Zin
The Shining One

Shops:
D:6 (   D:8 *


Message History

You channel some magical energy.
You feel somewhat more hungry.
The freezing wraith hits you but does no damage.
The freezing wraith barely misses you. You block the freezing wraith's attack.
The freezing wraith barely misses you.
You channel some magical energy.
You feel somewhat more hungry. The freezing wraith hits you.
* * * LOW HITPOINT WARNING * * *
The freezing wraith freezes you. You resist.
* * * LOW HITPOINT WARNING * * *
The freezing wraith hits you!
* * * LOW HITPOINT WARNING * * *
The freezing wraith drains your vigour!
You feel as though you will be slow longer.
You feel better. The freezing wraith hits you.
* * * LOW HITPOINT WARNING * * *
The freezing wraith freezes you. You resist.
* * * LOW HITPOINT WARNING * * *
The freezing wraith barely misses you. You block the freezing wraith's attack.
The freezing wraith hits you!
You die...

###### ###....##
#.......#
#...###W.##
#...###@.##
#...###..## #...#
#...# ...# #..##
##### ..# #...###
###...#### ##
##....###........##
##...............##
####.............#
##............#


You could see a freezing wraith.

Vanquished Creatures
  Pikel (D:8)
  4 elephants
  4 black mambas
  4 spiny frogs
  Psyche (D:8)
  A rime drake (Lair:3)
  A freezing wraith (IceCv)
  A komodo dragon (Lair:2)
  7 blink frogs
  A polar bear (Lair:5)
  Grinder (D:5)
  Sigmund (D:5)
  3 wyverns
  6 yaks
  3 hippogriffs
  A hungry ghost (D:8)
  A basilisk (Lair:5)
  A death yak simulacrum (IceCv)
  A mottled dragon (D:9)
  2 nagas (Lair:2)
  2 soldier ants (D:9)
  Edmund (D:6)
  7 water moccasins
  6 porcupines
  Duvessa (D:5)
  A wasp (D:9)
  3 sky beasts
  4 black bears
  5 ice beasts (IceCv)
  A slave (D:7)
  3 orc warriors
  6 ogres
  3 wolves
  6 centaurs
  3 crocodiles
  8 giant frogs
  A big kobold (D:7)
  A gnoll sergeant (D:7)
  Dowan (D:5)
  2 scorpions
  2 elephant simulacra (IceCv)
  10 killer bees
  11 wights
  3 howler monkeys
  5 crimson imps
  4 centaur zombies
  4 hounds
  A gnoll shaman (D:9)
  4 jellies
  4 orc wizards
  A centaur skeleton (D:5)
  3 orc priests
  2 giant frog skeletons
  Ijyb (D:2)
  Crazy Yiuf (D:2)
  5 iguanas
  Natasha (thrice) (D:2)
  14 worker ants
  2 sheep (Lair:2)
  A wolf simulacrum (IceCv)
  20 gnolls
  11 adders
  12 river rats
  5 white imps (IceCv)
  2 oozes
  3 worms
  A dart slug (D:2)
  4 giant geckos
  21 orcs
  11 giant cockroaches
  5 goblins
  6 hobgoblins
  7 jackals
  7 quokkas
  5 ball pythons
  A ball python skeleton (D:4)
  8 bats
  5 giant newts
  A jackal zombie (D:5)
  16 kobolds
  A quokka skeleton (D:4)
  7 rats
350 creatures vanquished.

Vanquished Creatures (collateral kills)
  The ghost of tstbtto the Severer, a journeyman CeBe of Trog (Lair:3)
  2 elephants (Lair:2)
  2 black mambas
  2 spiny frogs
  2 rime drakes
  A kobold demonologist (D:9)
  2 komodo dragons
  2 trolls (D:10)
  8 blink frogs
  3 wyverns (Lair:4)
  2 hippogriffs
  19 yaks
  A naga (Lair:2)
  3 water moccasins
  3 porcupines
  2 orc warriors (D:10)
  A wasp (D:9)
  A black bear (Lair:3)
  6 wolves
  3 crocodiles
  A giant frog (Lair:4)
  A gnoll sergeant (D:9)
  A wight (D:10)
  5 killer bees
  3 orc priests (D:10)
  An orc wizard (D:10)
  2 iguanas
  11 sheep
  2 gnolls (D:9)
  26 river rats
  11 orcs (D:10)
130 creatures vanquished.

Vanquished Creatures (others)
  3 slaves (D:8)
  An adder zombie (D:5)
  7 fungi
  2 plants (Lair:2)
13 creatures vanquished.

Grand Total: 493 creatures vanquished

Notes
Turn   | Place    | Note
--------------------------------------------------------------
     0 | D:1      | Geppetto the High Elf Ice Elementalist began the quest for the Orb.
     0 | D:1      | Reached XP level 1. HP: 11/11 MP: 4/4
   169 | D:1      | Reached XP level 2. HP: 17/17 MP: 6/6
   176 | D:1      | Learned a level 2 spell: Throw Frost
  1210 | D:2      | Reached XP level 3. HP: 21/21 MP: 5/8
  1281 | D:2      | Noticed Ijyb
  1313 | D:2      | Found a glowing golden altar of the Shining One.
  1388 | D:2      | Found an ancient bone altar of Kikubaaqudgha.
  1392 | D:2      | Found a snail-covered altar of Cheibriados.
  1499 | D:2      | Killed Ijyb
  1712 | D:2      | Noticed Crazy Yiuf
  1715 | D:2      | Killed Crazy Yiuf
  1715 | D:2      | Reached skill level 4 in Ice Magic
  1715 | D:2      | Reached XP level 4. HP: 27/27 MP: 2/10
  1823 | D:2      | Found an iron altar of Okawaru.
  1825 | D:2      | Found a deep blue altar of Sif Muna.
  1841 | D:2      | Became a worshipper of Sif Muna the Loreminder
  2050 | D:2      | Learned a level 3 spell: Ozocubu's Armour
  2055 | D:2      | Learned a level 4 spell: Throw Icicle
  2209 | D:2      | Noticed Natasha
  2216 | D:2      | Killed Natasha
  2302 | D:2      | Noticed Natasha
  2310 | D:2      | Killed Natasha
  2310 | D:2      | Reached XP level 5. HP: 20/31 MP: 1/11
  2525 | D:2      | Noticed Natasha
  2552 | D:2      | Killed Natasha
  2811 | D:3      | Found an opulent altar of Gozag.
  3026 | D:3      | Found a glowing silver altar of Zin.
  3397 | D:3      | Reached skill level 5 in Ice Magic
  3680 | D:3      | Reached XP level 6. HP: 36/36 MP: 8/13
  3972 | D:4      | Reached * piety under Sif Muna
  3980 | D:4      | Reached skill level 1 in Charms
  4315 | D:4      | Found a staircase to the Ecumenical Temple.
  4798 | D:4      | Found a radiant altar of Vehumet.
  4798 | D:4      | Found a burning altar of Makhleb.
  4907 | D:5      | Entered Level 5 of the Dungeon
  4919 | D:5      | Learned a level 4 spell: Summon Ice Beast
  4955 | D:5      | Reached skill level 5 in Spellcasting
  4955 | D:5      | Reached XP level 7. HP: 41/41 MP: 10/15
  5054 | D:5      | Noticed Sigmund
  5087 | D:5      | You fall through a shaft for 3 floors!
  5087 | D:8      | Noticed Psyche
  5099 | D:8      | Found a blossoming altar of Fedhas.
  5100 | D:8      | Noticed Pikel
  5386 | D:5      | Found a sparkling altar of Nemelex Xobeh.
  5397 | D:5      | Noticed Duvessa
  5401 | D:5      | Noticed Dowan
  5407 | D:5      | Killed Duvessa
  5407 | D:5      | Reached ** piety under Sif Muna
  5411 | D:5      | Killed Dowan
  5910 | D:5      | Found a white marble altar of Elyvilon.
  6061 | D:5      | You fall through a shaft!
  6061 | D:6      | Found a basalt altar of Yredelemnul.
  6066 | D:6      | Found a shimmering altar of Xom.
  6128 | D:6      | Reached skill level 1 in Fighting
  6128 | D:6      | Reached skill level 6 in Ice Magic
  6221 | D:6      | Reached XP level 8. HP: 48/48 MP: 1/17
  6388 | D:6      | Noticed Edmund
  6395 | D:6      | Killed Edmund
  6608 | D:6      | Reached skill level 5 in Conjurations
  6962 | D:6      | Found Hicyrph's Antique Weapon Shop.
  7048 | D:6      | Reached *** piety under Sif Muna
  7190 | D:6      | Got a faintly humming leather armour
  7201 | D:6      | Identified the cursed +1 leather armour of Siprux {rN++} (You found it on level 6 of the Dungeon)
  7343 | D:6      | Found a sacrificial altar of Ru.
  7417 | D:6      | Reached skill level 1 in Armour
  7691 | D:7      | Reached skill level 7 in Ice Magic
  7802 | D:7      | Reached XP level 9. HP: 56/56 MP: 5/18
  8207 | D:7      | Found a bloodstained altar of Trog.
  8985 | D:5      | Noticed Grinder
  9005 | D:5      | Paralysed by Grinder for 7 turns
  9170 | D:5      | Killed Grinder
  9475 | D:5      | Killed Sigmund
  9834 | D:5      | Reached **** piety under Sif Muna
  9841 | D:5      | Reached skill level 5 in Fighting
 10066 | D:7      | Found a bloodstained altar of Trog.
 10144 | D:7      | Reached skill level 8 in Ice Magic
 10503 | D:8      | Killed Pikel
 10525 | D:8      | Reached XP level 10. HP: 40/68 MP: 4/19
 10828 | D:8      | Found a hide-covered altar of Uskayaw.
 10855 | D:8      | Found a staircase to the Lair.
 10864 | D:8      | Reached skill level 1 in Summonings
 11360 | D:8      | Found Wotetila's General Store.
 11366 | D:8      | Bought a scroll of magic mapping for 38 gold pieces
 11523 | D:8      | Reached ***** piety under Sif Muna
 12050 | D:8      | Killed Psyche
 12877 | D:9      | Reached skill level 9 in Ice Magic
 14422 | D:9      | Reached skill level 5 in Summonings
 14426 | D:9      | Reached ****** piety under Sif Muna
 14426 | D:9      | Received a gift from Sif Muna
 14436 | D:9      | Identified Sif Muna's Compendium of Confrontation (Sif Muna gifted it to you on level 9 of the Dungeon)
 14450 | D:9      | Learned a level 3 spell: Stone Arrow
 14588 | D:9      | Reached XP level 11. HP: 72/72 MP: 3/21
 14857 | D:10     | Entered Level 10 of the Dungeon
 15136 | D:10     | Found a staircase to the Orcish Mines.
 15305 | D:10     | Gained mutation: You are occasionally teleported next to monsters. [mutagenic meat]
 15306 | D:10     | Gained mutation: You expend magic power (3 MP) to strengthen your wands. [mutagenic meat]
 15307 | D:10     | Lost mutation: You expend magic power (3 MP) to strengthen your wands. [mutagenic meat]
 15308 | D:10     | Gained mutation: You have sharp toenails. [mutagenic meat]
 15309 | D:10     | Gained mutation: You are weak. (Str -2) [mutagenic meat]
 15310 | D:10     | Gained mutation: You have a pair of small antennae on your head. [mutagenic meat]
 16467 | Lair:1   | Entered Level 1 of the Lair of Beasts
 17096 | Lair:1   | Reached skill level 10 in Ice Magic
 17329 | Lair:1   | Reached skill level 10 in Conjurations
 17329 | Lair:1   | Received a gift from Sif Muna
 17359 | Lair:1   | Identified Rashreeth's Incunabulum of the Oath and Black Secrets (Sif Muna gifted it to you on level 1 of the Lair of Beasts)
 17367 | Lair:1   | Learned a level 6 spell: Simulacrum
 18037 | Lair:2   | Reached skill level 1 in Necromancy
 19047 | Lair:2   | Found a staircase to the Swamp.
 19459 | Lair:2   | Found a staircase to the Snake Pit.
 19890 | Lair:2   | Gained mutation: Scrolls take you a little longer to read. [potion of mutation]
 19890 | Lair:2   | Gained mutation: Potions and wands are less effective at restoring your health. [potion of mutation]
 19890 | Lair:2   | Lost mutation: You have sharp toenails. [potion of mutation]
 19891 | Lair:2   | Lost mutation: Scrolls take you a little longer to read. [potion of cure mutation]
 19891 | Lair:2   | Lost mutation: You have a pair of small antennae on your head. [potion of cure mutation]
 19891 | Lair:2   | Lost mutation: You are weak. (Str -2) [potion of cure mutation]
 19891 | Lair:2   | Lost mutation: Potions and wands are less effective at restoring your health. [potion of cure mutation]
 19891 | Lair:2   | Lost mutation: You are occasionally teleported next to monsters. [potion of cure mutation]
 19950 | Lair:2   | Reached XP level 12. HP: 63/79 MP: 2/25
 20197 | Lair:2   | Reached skill level 5 in Necromancy
 20248 | Lair:2   | Received a gift from Sif Muna
 20249 | Lair:2   | Identified Sif Muna's Guide on Excruciating Snow (Sif Muna gifted it to you on level 2 of the Lair of Beasts)
 20255 | Lair:2   | Learned a level 4 spell: Iskenderun's Mystic Blast
 20752 | Lair:2   | Upgraded the game from 0.19-a0-607-g42021f0 to 0.19-a0-628-g9200b3b
 20905 | Lair:3   | Noticed tstbtto's ghost (journeyman CeBe)
 20939 | Lair:3   | Reached skill level 1 in Invocations
 21268 | Lair:3   | Killed tstbtto's ghost
 21268 | Lair:3   | Reached skill level 11 in Ice Magic
 23995 | Lair:4   | Learned a level 3 spell: Regeneration
 24785 | Lair:5   | Found a frozen archway.
 24857 | IceCv    | Entered an ice cave
 25227 | IceCv    | HP: 3/79 [freezing wraith (12)]
 25228 | IceCv    | Slain by a freezing wraith

Vault maps used:
D:1:      lightli_arrival_statuegarden, minivault_27
D:2:      cheibriados_altar_1, tso_metal_star, grunt_temple_overflow_open,
          roderic_ancient_swastika, uniq_natasha, uniq_iyjb,
          uniq_crazy_yiuf_cottage
D:3:      nicolae_overflow_crystal_walls, first_bread, grunt_gozag_breadcrumbs
D:4:      grunt_temple_overflow_lords_of_destruction,
          minmay_temple_entry_butterflies, minmay_misc_feat_room
D:5:      kennysheep_little_box, kennysheep_mini, uniq_sigmund, uniq_grinder,
          uniq_duvessa
D:6:      old_standard_altar, yredelemnul_altar_generic, old_standard_altar,
          portal_sewer_entry_b, serial_shops, nicolae_shop_statue_plus,
          uniq_edmund
D:7:      lightli_temple_of_fire, trog_ov_bears_minmay
D:8:      lemuel_coloured_pillars_altar, fedhas_altar_2, lair_0_dummy,
          serial_shops, shop, uniq_psyche, uniq_pikel
D:9:      hangedman_pestilent_swarm
D:10:     hiddenorc1_lemuel
Lair:1:   minivault_25, st_stairs_3, grunt_megastairs_1
Lair:2:   swamp_mist, minmay_snake_entry_guardpost_small
Lair:3:   grunt_forest_large_clearings, infiniplex_staircase_pool_2,
          serial_bayou_shore_a
Lair:4:   beast_lair_carwin_3, grunt_megastairs_4, lemuel_fruit_tree
Lair:5:   slime_dummy, portal_ice_cave_entry_pillars_2, special_room,
          minmay_another_anthill, uniq_nessos
IceCv:    ice_cave_small_necro

Skill      XL: |  1  2  3  4  5  6  7  8  9 10 11 12 |
---------------+-------------------------------------+-----
Spellcasting   | 3 4 5 6 8 |  8.7
Conjurations   | 2 3 4 6 7 9 10 | 10.1
Ice Magic      | 4 5 6 7 8 9 10 11 | 11.6
Charms         | 3 4 |  4.6
Fighting       | 1 3 6 |  6.0
Armour         | 2 4 |  4.0
Summonings     | 5 |  5.2
Necromancy     | 4 7 |  7.8
Invocations    | 4 |  4.5
Dodging        | |  2.1
Stealth        | |  2.1

Action                   |  1- 3 |  4- 6 |  7- 9 | 10-12 || total
-------------------------+-------+-------+-------+-------++-------
Melee: Short sword       |     6 |       |       |       ||     6
       Quarterstaff      |       |    10 |    19 |       ||    29
       Flail             |       |       |    67 |   202 ||   269
 Cast: Freeze            |    21 |    50 |   121 |   193 ||   385
       Throw Frost       |    36 |    83 |   117 |   160 ||   396
       Ozocubu's Armour  |       |       |    35 |    84 ||   119
       Throw Icicle      |       |       |    16 |    95 ||   111
       Summon Ice Beast  |       |       |       |    99 ||    99
       Stone Arrow       |       |       |       |    30 ||    30
       Iskenderun's Myst |       |       |       |    23 ||    23
       Regeneration      |       |       |       |     2 ||     2
       Simulacrum        |       |       |       |     2 ||     2
Invok: Channel Energy    |       |       |       |    33 ||    33
Evoke: Wand              |       |       |     3 |       ||     3
  Use: Scroll            |     3 |     6 |     6 |    15 ||    30
       Potion            |       |       |     1 |     7 ||     8
 Stab: Sleeping          |     1 |       |       |       ||     1
       Distracted        |       |       |       |     1 ||     1
  Eat: Chunk             |     4 |    11 |    19 |    46 ||    80
       Bread ration      |       |       |       |     4 ||     4
       Beef jerky        |       |       |       |     2 ||     2
       Fruit             |       |       |       |     3 ||     3
       Royal jelly       |       |       |       |     4 ||     4
       Pizza             |       |       |       |     1 ||     1
Armor: Robe              |     7 |     7 |    36 |       ||    50
       Leather armour    |       |       |    44 |   343 ||   387
Dodge: Dodged            |     7 |    31 |   120 |   418 ||   576
Block: Other             |       |       |       |    72 ||    72
       Reflection        |       |       |       |     1 ||     1
